 Dungeon Crawl Stone Soup version 0.31-a0-931-g7b59d4eb97 (webtiles) character file.

Game seed: 18263618435456425195

205 p00ps00p the Trooper (level 5, 0/47 HPs)
             Began as a Hill Orc Fighter on Oct 19, 2023.
             Slain by an orc
             ... wielding a +0 hand axe
              (1 damage)
             ... on level 3 of the Dungeon.
             The game lasted 00:03:42 (2263 turns).

p00ps00p the Trooper (Hill Orc Fighter)             Turns: 2263, Time: 00:03:42

Health: 0/47       AC:  7    Str: 21    XL:     5   Next: 83%
Magic:  5/5        EV:  9    Int:  8    God:
Gold:   103        SH:  4    Dex: 10    Spells: 4/4 levels left

rFire   . . .        a - +1 war axe
rCold   . . .        c - +0 buckler
rNeg    . . .        b - +0 scale mail
rPois   .            (no helmet)
rElec   .            (no cloak)
rCorr   .            (no gloves)
SInv    .            (no boots)
Will    .....        (no amulet) Stlth
                     (no ring)
HPRegen 0.27/turn    (no ring)
MPRegen 0.09/turn

%: no passive effects
@: hasted, very quick
A: no striking features
a: no special abilities


You were on level 3 of the Dungeon.
You visited 1 branch of the dungeon, and saw 3 of its levels.

You collected 103 gold pieces.

Inventory:

Hand Weapons
 a - a +1 war axe (weapon)
Missiles
 g - 4 poisoned darts (quivered)
Armour
 b - a +0 scale mail (worn)
 c - a +0 buckler (worn)
Potions
 e - a potion of curing {unknown}
 f - a potion of lignification {unknown}


   Skills:
 + Level 4.9 Fighting
 + Level 4.5 Axes
 + Level 4.4 Armour
 + Level 4.4 Shields


You had 4 spell levels left.
You didn't know any spells.
Your spell library contained the following spells:

 Spells                   Type           Power      Damage    Failure   Level
 Blink                    Tloc           0%         N/A       91%         2
 Cigotuvi's Dreadful Rot  Necr/Pois/Air  0%         N/A       91%         2
 Lesser Beckoning         Tloc           0%         N/A       91%         2
 Momentum Strike          Conj/Tloc      0%         3d8       91%         2
 Dispel Undead            Necr           0%         3d6       100%        4
 Death Channel            Necr           0%         N/A       100%        6


Dungeon Overview and Level Annotations

Branches:
Dungeon (3/15)

Altars:
Cheibriados
Qazlal

Shops:
D:1 ?


Message History

You kill the adder!
You feel sick.
Found a scroll of blinking.
You feel sick. The ogre hits you with a +0 giant club!
You hit the ogre.
The ogre is lightly wounded.
You completely miss the orc.
You feel sick. The orc hits you but does no damage.
You block the ogre's attack. The orc hits you with a +0 hand axe.
You hit the ogre.
The ogre is moderately wounded.
You closely miss the orc.
You feel sick. The orc hits you with a +0 hand axe.
The ogre hits you with a +0 giant club!!
* * * LOW HITPOINT WARNING * * *
You are too injured to fight recklessly!
You are too injured to fight recklessly!
You are too injured to fight recklessly!
You are too injured to fight recklessly!
You are too injured to fight recklessly!
You are too injured to fight recklessly!
You are too injured to fight recklessly!
You are too injured to fight recklessly!
You are too injured to fight recklessly!
You are too injured to fight recklessly!
You are too injured to fight recklessly!
You are too injured to fight recklessly!
You are too injured to fight recklessly!
You are too injured to fight recklessly!
You are too injured to fight recklessly!
You are too injured to fight recklessly!
You are too injured to fight recklessly!
You are too injured to fight recklessly!
You are too injured to fight recklessly!
You are too injured to fight recklessly!
It was a potion of haste.
You feel yourself speed up.
* * * LOW HITPOINT WARNING * * *
You feel sick.
You are no longer poisoned.
The orc hits you with a +0 hand axe.
You die...

.##..#.......##
..)..............##..
........########....##
#....##.### #...♣..##
.#...##...# ##.......#
..#..####.# ##..♣.....#
.....# #.# #....?.>..#
..#..# #.# #...♣o....#
.#...# #.# #...@O.?..#
#...+####'####.#†.♣..##
...............##...##
###........##### ####
#........# ##+#####.#
..# ###


You could see an ogre and an orc.

Vanquished Creatures
  A sky beast (D:3)
  5 adders
  A worm (D:2)
  A dart slug (D:3)
  3 bats
  3 endoplasms
  4 giant cockroaches
  8 goblins
  6 hobgoblins
  6 jackals
  5 kobolds
  2 quokkas
  5 ball pythons
  2 frilled lizards (D:3)
  4 rats
56 creatures vanquished.

Vanquished Creatures (others)
  An endoplasm (D:3)
1 creature vanquished.

Grand Total: 57 creatures vanquished

Notes
Turn   | Place    | Note
-------+----------+-------------------------------------------
     0 | D:1      | p00ps00p the Hill Orc Fighter began the quest for the Orb.
     0 | D:1      | Reached XP level 1. HP: 19/19 MP: 1/1
    44 | D:1      | Reached XP level 2. HP: 27/27 MP: 2/2
   533 | D:1      | Found Cicom's Magic Scroll Shoppe.
   885 | D:2      | Reached XP level 3. HP: 33/33 MP: 3/3
   952 | D:2      | Found a snail-covered altar of Cheibriados.
  1401 | D:2      | Reached XP level 4. HP: 41/41 MP: 4/4
  2031 | D:3      | Found a stormy altar of Qazlal.
  2031 | D:3      | Noticed a sky beast
  2037 | D:3      | Upgraded the game from 0.31-a0-925-g0a390f2509 to
                  | 0.31-a0-931-g7b59d4eb97
  2055 | D:3      | Killed a sky beast
  2056 | D:3      | Reached XP level 5. HP: 8/47 MP: 5/5
  2232 | D:3      | Found a faded altar of an unknown god.
  2256 | D:3      | Noticed an ogre
  2262 | D:3      | HP: 2/47 [ogre/+0 giant club (23)]
  2263 | D:3      | Slain by an orc

Illustrated notes

Levels and vault maps discovered:
D:1:      wander_arrival_peaceful_grave, layout_loops_corners, serial_shops,
          nicolae_lakefront_shop
D:2:      layout_loops_ring, basic_altar, serial_park_tiny_1,
          minmay_statues_item, chequers_garden, minmay_divided_ellipse
D:3:      layout_basic, nicolae_qazlal_beasts_of_the_sky,
          ebering_ecumenical_altar_sacrificial, st_stairs_9, grunt_ministairs_9,
          lemuel_flame_loot_1

Skill      XL: |  1  2  3  4 |
---------------+-------------+-----
Axes           | 3 4 |  4.5
Fighting       | 4 |  4.9
Armour         | 4 |  4.4
Shields        | 4 |  4.4

Action                     |  1- 3 |  4- 6 || total
---------------------------+-------+-------++-------
  Melee: War axe           |    80 |    60 ||   140
  Evoke: Wand              |       |     2 ||     2
    Use: Scroll            |     1 |     6 ||     7
         Potion            |       |     2 ||     2
 Armour: Scale mail        |    49 |    43 ||    92
  Dodge: Dodged            |    32 |    27 ||    59
  Block: Buckler           |    12 |    10 ||    22

Table legend: (Time is in decaauts)
 A = Elapsed time spent in this place.
 B = Non-inter-level travel time spent in this place.
 C = Inter-level travel time spent in this place.
 D = Time resting spent in this place.
 E = Time spent auto-exploring this place.
 F = Levels seen in this place.
 G = Mean time per level.
                   A        B        C        D        E       F      G
               +--------+--------+--------+--------+--------+-----+--------+
         Total |   2311 |   2256 |     55 |    317 |   1580 |   3 |  770.3 |
       Dungeon |   2311 |   2256 |     55 |    317 |   1580 |   3 |  770.3 |
               +--------+--------+--------+--------+--------+-----+--------+

Top non-repeatable levels by time:
     D:2: 1038 daAuts
     D:1: 874 daAuts
     D:3: 398 daAuts
